Cogmind - Beta 16 @@@ ROGUE MODE // 2026.02.05 @ 20:14:10 Player: robotix Result: Destroyed by D-53 Grenadier with Mini Grenade Launcher Performance ------------- Evolutions (0) 0 Regions Visited (4) 800 Robots Destroyed (4) 20 Value Destroyed (100) 100 Prototype IDs (37) 740 Alien Tech Used (0) 0 Bonus (300) 300 TOTAL SCORE: 1960 Bonus ------- Aligned with FarCom 300 Cogmind --------- Core Integrity 0/250 Matter 160/300 Energy 100/100 System Corruption 0% Temperature Cool (0) Movement Core (50) Location -9/Mines Parts ------- > --- POWER (1) -------- (None) > --- PROPULSION (2) --- (None) > --- UTILITY (2) ------ Visual Processing Unit > --- WEAPON (2) ------- Light Assault Rifle > --- INVENTORY (5) ---- Modified TNC Light Armor Plating Small Laser Datajack Peak State ------------ > --- POWER ------------ Ion Engine > --- PROPULSION ------- Aluminum Leg Aluminum Leg > --- UTILITY ---------- Small Storage Unit Visual Processing Unit > --- WEAPON ----------- Small Laser Light Assault Rifle > --- INVENTORY -------- Modified TNC Light Armor Plating Grenade Launcher Datajack [Rating: 8] Favorites ----------- Power Ion Engine Engine Ion Engine Propulsion Aluminum Leg Leg Aluminum Leg Utility Small Storage Unit Storage Small Storage Unit Processor Visual Processing Unit Weapon Light Assault Rifle Energy Gun Small Laser Ballistic Gun Light Assault Rifle Launcher Grenade Launcher Special Melee Weapon Datajack Build | -11 -10 -10 -10 -9 ------- Run | Yrd Mat Min Exi Min Slots Evolved . | . . . . . Power . | . . . . . Propulsion . | . . . . . Utility . | . . . . . Weapon . | . . . . . Parts Attached 10 | 6 . . 1 3 Power 1 | 1 . . . . Engine 1 | 1 . . . . Core . | . . . . . Reactor . | . . . . . Propulsion 2 | 2 . . . . Treads . | . . . . . Leg 2 | 2 . . . . Wheel . | . . . . . Hover . | . . . . . Flight . | . . . . . Utility 2 | 1 . . . 1 Device . | . . . . . Storage 1 | 1 . . . . Processor 1 | . . . . 1 Hackware . | . . . . . Protection . | . . . . . Artifact . | . . . . . Weapon 5 | 2 . . 1 2 Energy Gun 1 | 1 . . . . Energy Cannon . | . . . . . Ballistic Gun 1 | 1 . . . . Ballistic Cannon . | . . . . . Launcher 2 | . . . . 2 Special Weapon . | . . . . . Impact Weapon . | . . . . . Slashing Weapon . | . . . . . Piercing Weapon . | . . . . . Special Melee Weapon 1 | . . . 1 . Unidentified Prototypes . | . . . . . Parts Lost 5 | . . . . 5 Power 1 | . . . . 1 Propulsion 2 | . . . . 2 Utility . | . . . . . Weapon 2 | . . . . 2 Highest Loss Streak 4 | . . . . 4 To Critical Strikes . | . . . . . Average Backups 4 | 1 2 4 5 4 Power . | . . . . . Propulsion . | . . . . . Utility 2 | . 1 2 2 2 Weapon 1 | . . 1 2 1 Tool/Special . | . . . . . Unused Backups 2 | . . . . 2 Power . | . . . . . Propulsion . | . . . . . Utility 2 | . . . . 2 Weapon . | . . . . . Tool/Special . | . . . . . Average Slot Usage (%) 76 | . 84 85 71 69 Engine 13 | . 14 14 14 8 Leg 26 | . 27 28 28 16 Storage 13 | . 14 14 14 11 Processor 1 | . . . . 11 Energy Gun 6 | . 14 14 . 3 Ballistic Gun 7 | . 14 14 . 14 Special Melee Weapon 6 | . . . 12 . Peak Build Rating 8 | 6 6 6 6 8 Average Rating 5 | 3 5 6 5 6 On Entrance 4 | . 6 6 6 6 Avg Prop Armor Cover (%) . | . . . . . Naked Turns . | . . . . . Heaviest Build 14 | 12 12 12 12 14 Greatest Support 20 | 20 20 20 20 20 Greatest Overweight (x) 1 | . . . . 1 Average Overweight (x) . | . . . . . Largest Inventory Capacity 8 | 8 8 8 8 8 Average Capacity 7 | 7 8 8 8 7 Most Carried 6 | 4 4 4 6 6 Average Carried 4 | 1 2 4 5 4 Final Capacity 8 | 8 8 8 8 5 Final Carried 6 | . 4 4 6 4 Class Distribution -------------------- 100% | Mutant Dominant Class ---------------- Mutant | -10/Materials Mutant | -10/Mines Mutant | -10/Exiles Mutant | -9/Mines Resources | -11 -10 -10 -10 -9 ----------- Run | Yrd Mat Min Exi Min Matter Collected 232 | 156 76 . . . Remotely . | . . . . . Salvage Created 165 | . 115 . . 50 Parts 11 | . 11 . . . Haulers Intercepted . | . . . . . Recyclers Shooed . | . . . . . Parts Field Recycled . | . . . . . Retrieved Matter . | . . . . . Parts Self-Destructed . | . . . . . Prevented . | . . . . . Parts Restored . | . . . . . Kills | -11 -10 -10 -10 -9 ------- Run | Yrd Mat Min Exi Min Combat Hostiles Destroyed 10 | . 2 . . 8 Guns 4 | . 2 . . 2 AOE 6 | . . . . 6 Classes Destroyed 4 | . 3 . . 1 Operator 1 | . 1 . . . Watcher 1 | . 1 . . . Grunt 2 | . 2 . . . Assembled 8 | . . . . 8 Best Kill Streak 8 | . 3 . . 8 Combat Bots Only 8 | . 2 . . 8 Max Kills in Single Turn 3 | . 1 . . 3 Gunslinging . | . . . . . Exploded 3 | . . . . 3 Melee . | . . . . . Uniques/NPCs Destroyed . | . . . . . Combat | -11 -10 -10 -10 -9 -------- Run | Yrd Mat Min Exi Min Hostile Shots Fired 29 | . 4 . . 25 Missed 5 | . . . . 5 Hits 24 | . 4 . . 20 Melee 3 | . . . . 3 Projectile 21 | . 4 . . 17 AOE 13 | . . . . 13 Critical Strikes 1 | . . . . 1 Damage Taken 773 | . 43 . . 730 Core 263 | . 11 . . 252 Absorbed by Shields . | . . . . . Core Remaining (%) 100 | 100 . . . . Volleys Fired 29 | . 18 . . 11 Largest 2 | . 2 . . 2 Hottest 60 | . 60 . . 60 Shots Fired 48 | . 36 . . 12 Gun 44 | . 36 . . 8 Cannon . | . . . . . Launcher 4 | . . . . 4 Special . | . . . . . Kinetic 25 | . 18 . . 7 Thermal 19 | . 18 . . 1 Explosive 4 | . . . . 4 Electromagnetic . | . . . . . Robot Hit Streak 5 | . 5 . . 1 Robot Miss Streak 3 | . 3 . . 2 Penetration Max . | . . . . . Secondary Targets . | . . . . . Shots Hit Robots 31 | . 18 . 8 5 Core Hits 26 | . 9 . . 17 Critical Kills . | . . . . . Critical Parts Destroyed . | . . . . . Critical Strikes . | . . . . . Melee Attacks 8 | . . . 8 . Impact . | . . . . . Slashing . | . . . . . Piercing . | . . . . . Sneak Attacks 8 | . . . 8 . Combat Hostiles . | . . . . . Follow-up Attacks . | . . . . . Damage Inflicted 548 | . 171 . . 377 Guns 203 | . 171 . . 32 Cannons . | . . . . . Explosions 345 | . . . . 345 Melee . | . . . . . Ramming . | . . . . . Kinetic 107 | . 75 . . 32 Thermal 96 | . 96 . . . Explosive 345 | . . . . 345 Electromagnetic . | . . . . . Impact . | . . . . . Slashing . | . . . . . Piercing . | . . . . . Highest Corruption . | . . . . . Average Corruption . | . . . . . Corruption Purged . | . . . . . Corruption Blocked . | . . . . . Overload Shots . | . . . . . Overflow Damage . | . . . . . Projectiles . | . . . . . Explosions . | . . . . . Melee . | . . . . . Knockbacks . | . . . . . Impact . | . . . . . Kinetic . | . . . . . Secondary . | . . . . . Self-Inflicted Damage 54 | . . . . 54 Shots 2 | . . . . 2 Rammed . | . . . . . Targets Rammed . | . . . . . Kicked . | . . . . . Crushed . | . . . . . Highest Temperature 44 | . 44 . . 40 Average Temperature 18 | . 18 . . 21 Received Heat Transfer 104 | . 24 . . 80 Siege Activations . | . . . . . Martial Activations . | . . . . . Shielding Activations . | . . . . . Robots Disrupted . | . . . . . Combat Hostiles . | . . . . . Robots Corrupted . | . . . . . Combat Hostiles . | . . . . . Parts Fried . | . . . . . Impact Corruptions . | . . . . . Robots Melted . | . . . . . Combat Hostiles . | . . . . . Parts Melted . | . . . . . Heat Transferred 225 | . 225 . . . Parts Sabotaged . | . . . . . Parts Stolen . | . . . . . Parts Stripped . | . . . . . Power Chain Reactions . | . . . . . Alert | -11 -10 -10 -10 -9 ------- Run | Yrd Mat Min Exi Min Maximum Alert Level . | . . . . . Low Security (%) 100 | 100 100 100 . 100 Level 1 . | . . . . . Level 2 . | . . . . . Level 3 . | . . . . . Level 4 . | . . . . . Level 5 . | . . . . . High Security . | . . . . . Max Security . | . . . . . Peak Influence 57 | . 57 . . 12 Initial . | . . . . . Average 5 | . 7 . . . Influence Increases 97 | . 72 . . 25 Destroy 0b10 Robot/C 40 | . 40 . . . Destroy 0b10 Robot/NC 10 | . 10 . . . Destroy Leader 22 | . 22 . . . Destroy Structure 25 | . . . . 25 Influence Decreases 97 | . 72 . . 25 Time Decay 92 | . 72 . . 20 Lost Part 5 | . . . . 5 Squads Dispatched 3 | . 3 . . . Investigation . | . . . . . Extermination . | . . . . . Reinforcement 3 | . 3 . . . Assault . | . . . . . Garrison . | . . . . . Intercept . | . . . . . Searches Triggered . | . . . . . Construction Impeded . | . . . . . Haulers Reinforced . | . . . . . Active Scanning Responses . | . . . . . Cargo Convoy Interrupts . | . . . . . Stealth | -11 -10 -10 -10 -9 --------- Run | Yrd Mat Min Exi Min Distress Signals 1 | . 1 . . . Communications Jammed . | . . . . . Distress Signals . | . . . . . Times Spotted 27 | . 9 . . 18 Peak Tracking Total 13 | . 3 . . 13 Tactical Retreats . | . . . . . Traps | -11 -10 -10 -10 -9 ------- Run | Yrd Mat Min Exi Min Traps Triggered 1 | . 1 . . . Indirectly . | . . . . . Trap Hack Attempts . | . . . . . Triggered . | . . . . . Disarmed . | . . . . . Reprogrammed . | . . . . . Reused . | . . . . . Traps Extracted . | . . . . . Installed . | . . . . . Triggered . | . . . . . Machines | -11 -10 -10 -10 -9 ---------- Run | Yrd Mat Min Exi Min Machines Disabled . | . . . . . Max in Single Turn . | . . . . . Machines Repaired . | . . . . . Machines Dismantled . | . . . . . Machines Sabotaged . | . . . . . Overloaded Fab Kills . | . . . . . Hacking | -11 -10 -10 -10 -9 --------- Run | Yrd Mat Min Exi Min Machines Accessed 2 | . 1 . 1 . Terminals 1 | . 1 . . . Fabricators . | . . . . . Repair Stations . | . . . . . Recycling Units . | . . . . . Scanalyzers . | . . . . . Garrison Access . | . . . . . Total Hacks 2 | . 1 . 1 . Successful 1 | . . . 1 . Failed 1 | . 1 . . . Catastrophic 1 | . 1 . . . Database Lockouts . | . . . . . Manual 1 | . . . 1 . Terminals 1 | . 1 . . . Fabricators . | . . . . . Repair Stations . | . . . . . Recycling Units . | . . . . . Scanalyzers . | . . . . . Garrison Access . | . . . . . Terminal Hacks 1 | . . . 1 . Proto ID Catalog 1 | . . . 1 . Fabricator Hacks . | . . . . . Repair Station Hacks . | . . . . . Recycling Unit Hacks . | . . . . . Scanalyzer . | . . . . . Garrison Access Hacks . | . . . . . Unauthorized Hacks . | . . . . . Terminals . | . . . . . Fabricators . | . . . . . Repair Stations . | . . . . . Recycling Units . | . . . . . Scanalyzers . | . . . . . Garrison Access . | . . . . . Data Cores Recovered . | . . . . . Used . | . . . . . Hacking Detections 1 | . 1 . . . Full Trace Events . | . . . . . Feedback Events . | . . . . . Feedback Blocked . | . . . . . Robot Schematics Acquired . | . . . . . Robots Built . | . . . . . Authchips . | . . . . . Time . | . . . . . Total Robot Build Rating . | . . . . . Part Schematics Acquired . | . . . . . Parts Built . | . . . . . Authchips . | . . . . . Time . | . . . . . Total Part Build Rating . | . . . . . Part Studies Acquired . | . . . . . Parts Repaired . | . . . . . Time . | . . . . . Parts Recycled . | . . . . . Recycled Matter . | . . . . . Retrieved Matter . | . . . . . Retrieved Components . | . . . . . Parts Scanalyzed . | . . . . . Part Schematics Acquired . | . . . . . Parts Damaged . | . . . . . Bothacking | -11 -10 -10 -10 -9 ------------ Run | Yrd Mat Min Exi Min Used RIF Installer . | . . . . . Robots Hacked 4 | . . . 4 . Non-combat 3 | . . . 3 . Combat 1 | . . . 1 . Robot Hacks Applied 5 | . . . 5 . parse_system 5 | . . . 5 . Relay Couplers Released . | . . . . . Fabnet Peak Effective % . | . . . . . Robots Rewired . | . . . . . Allies Hacked . | . . . . . Hacks Repelled . | . . . . . Allies | -11 -10 -10 -10 -9 -------- Run | Yrd Mat Min Exi Min Total Allies . | . . . . . Largest Group . | . . . . . Highest-Rated Group . | . . . . . Highest-Rated Ally . | . . . . . Total Orders . | . . . . . Ally Attacks . | . . . . . Total Damage . | . . . . . Kills . | . . . . . Allies Corrupted . | . . . . . Allies Melted . | . . . . . Intel | -11 -10 -10 -10 -9 ------- Run | Yrd Mat Min Exi Min Active Infowar (turns) 93 | . . . . 93 Optics 93 | . . . . 93 Robot Analysis Total . | . . . . . Derelict Logs Recovered 1 | . . . . 1 Drone Launches . | . . . . . Drone Recoveries . | . . . . . Exploration | -11 -10 -10 -10 -9 ------------- Run | Yrd Mat Min Exi Min Turns Passed 1243 | 52 431 37 621 102 Spaces Moved 972 | 43 310 30 506 83 Core 68 | 15 . . . 53 Treads . | . . . . . Legs 904 | 28 310 30 506 30 Wheels . | . . . . . Hover . | . . . . . Flight . | . . . . . Fastest Speed 50 | 50 120 120 120 50 Average Speed 116 | 95 120 120 120 88 Slowest Speed 190 | 120 120 120 120 190 Overloaded Moves . | . . . . . Propulsion Burnouts . | . . . . . Robots Hopped . | . . . . . Potential Cave-ins . | . . . . . Cave-ins Triggered . | . . . . . Exploration Rate (%) 31 | 3 34 15 74 30 Regions Visited 4 Branch Regions 3 Pre-discovered Areas 1 | . . 1 . . Known Exits Taken . | . . . . . Unknown Exits Taken 4 | 1 1 1 1 . Scrap Searched . | . . . . . Spaces Dug . | . . . . . Terrain Destroyed 27 | . . . . 27 Melee . | . . . . . Projectile . | . . . . . AOE 27 | . . . . 27 Terrain Rammed . | . . . . . Walls Destroyed . | . . . . . Machines Disabled . | . . . . . Actions | -11 -10 -10 -10 -9 --------- Run | Yrd Mat Min Exi Min Total 1039 | 54 336 31 517 101 Wait 5 | . 3 2 . . Move 968 | 42 309 29 505 83 Hop . | . . . . . Pick Up 13 | 6 5 . 1 1 Fast Attach . | . . . . . Attach 11 | 6 1 . 1 3 Detach 2 | . . . 2 . Swap 2 | . . . . 2 Drop 1 | . . . . 1 Fire 29 | . 18 . . 11 Melee 8 | . . . 8 . Ram . | . . . . . Kick . | . . . . . Crush . | . . . . . Escape Stasis . | . . . . . Rewire . | . . . . . Trap . | . . . . . Miscellaneous . | . . . . . Route ------- -11/Scrapyard -10/Materials (discovered 2 exits: [*Mat] / [*Min]) -10/Mines -10/Exiles -9/Mines History --------- Turn | Location | Event 11 | -11/Scrapyard | Discovered new exit (range 15) 53 | -11/Scrapyard | Entered Materials 233 | -10/Materials | Met 8R-AWN 242 | -10/Materials | Discovered new exit (range 9) 279 | -10/Materials | Discovered new exit (range 15) 312 | -10/Materials | Build established: Mutant 484 | -10/Materials | Entered Mines 485 | -10/Mines | Learned location of Storage (-7) 485 | -10/Mines | Followed 8R-AWN into the Mines 516 | -10/Mines | Discovered new exit (range 5) 521 | -10/Mines | Entered Exiles 550 | -10/Exiles | Welcomed by 8R-AWN 572 | -10/Exiles | Met EX-HEX 611 | -10/Exiles | Met EX-BIN 736 | -10/Exiles | Aligned with FarCom system 737 | -10/Exiles | Given EX-Vault access code 767 | -10/Exiles | Opened EX-Vault 776 | -10/Exiles | Found Modified TNC 798 | -10/Exiles | Warned to stay clear of 0b10 Research branches 850 | -10/Exiles | Learned about 8R-AWN's background 932 | -10/Exiles | Met EX-DEC 1039 | -10/Exiles | Visited The Gauntlet 1126 | -10/Exiles | Discovered new exit (range 14) 1142 | -10/Exiles | Left Exiles lab with Modified TNC 1142 | -10/Exiles | Entered Mines 1159 | -9/Mines | Assembled infested the area 1166 | -9/Mines | Learned location of 1 exit from Lower Caves 1204 | -9/Mines | Core integrity fell below 50% 1205 | -9/Mines | Destroyed 8 combat bots 1233 | -9/Mines | Lost 4 parts (1p2n1w) 1237 | -9/Mines | Received a Rocket Launcher from a helpful Derelict 1243 | -9/Mines | Core integrity fell below 20% 1244 | -9/Mines | Destroyed by D-53 Grenadier with Mini Grenade Launcher Last Messages --------------- Ion Engine destroyed. Dropped Sml. Storage Unit. A derelict emerges from the shadows. CV-GK6(g): "Some of my friends down here think you need a mining laser when you travel the depths." CV-GK6(g): "You know what I say? NO!" CV-GK6(g): "Everyone knows a good old rocket launcher goes a long way." CV-GK6(g): "Need to get rid of a swarm? Done. Need a big hole in the wall? Done." CV-GK6(g): "Need a small hole in the wall? Leave that to the mining laser wimps, I say!" CV-GK6(g): "Would you like a rocket launcher? I know I would if I were you, so I'm going to lend you mine." CV-GK6(g) slips back into the shadows. Acquired Rocket Launcher. The unstable cave ceiling collapses. Rocket Launcher destroyed. [Achievement: Just Browsing] Map ----- +----------------------------------------------------+ | | | | | | | | | | | | | | | | | | | | | ?????????????????????????????????????????????????? | | ?????????????????????????????????????????????????? | | ?????????????????????????????????????????????????? | | ?????????????????????????????????????????????????? | | ?????????????????????????????????????????????????? | | ??????????????????????????###????????????????????? | | ?????????????????????????## ##???????????????????? | | ?????????????????????????# #???????????????????? | | ????????????????????????## #???????????????????? | | ????????????????????????# #???????????????????? | | ????????????????????????# ##????####??????????? | | ?????????????????????##### #???## ####???##### | | ?????????????????????# #??## ##?## | | ????????????????????## #?## ### | | ????????????????????# ### # | | ?????????????????????# @ ## ## ## | | ????????????????????# #### # | | ??????????????#### # d d #?# | | ??????????????# ##?## | | ??????????????# k ##???## ! | | ??????????????# ##### #?????# | | ????????????????????## ## #?????# # | | ?????????????????????########?# #?????#### | | ??????????????????????????????? ##?????????# | | ????????????????????????????????####???????????### | | ?????????????????????????????????????????????????? | | ?????????????????????????????????????????????????? | | ?????????????????????????????????????????????????? | | ?????????????????????????????????????????????????? | | ?????????????????????????????????????????????????? | | ?????????????????????????????????????????????????? | | ?????????????????????????????????????????????????? | | ?????????????????????????????????????????????????? | | ?????????????????????????????????????????????????? | | ?????????????????????????????????????????????????? | | ?????????????????????????????????????????????????? | | ?????????????????????????????????????????????????? | | ?????????????????????????????????????????????????? | | ?????????????????????????????????????????????????? | | ???????????????????????????????????????????????? | +----------------------------------------------------+ Best States ------------- Heat Dissipation 25 Energy Generation 10 Energy Capacity 250 Matter Stores 244 Matter Capacity 300 Sight Range 18 Terrain Scan Density 10 Evasion (%) 55 Item Schematics ----------------- None Robot Schematics ------------------ None Fabricated ------------ Nothing Repaired ---------- Nothing Studied --------- None Alien Tech Used ----------------- None Achievements -------------- Just Browsing Challenges ------------ None Game ------ Seed TitaniumHardcellClaw Manual? 0 Play Time 00:22:39 Cumulative 23.1 hours Start 2026.02.05 @ 19:39:39 End 2026.02.05 @ 20:14:10 Sessions 1 Manual Loads 0 Difficulty Rogue Special Mode None Game No. 22 Rogue 22 Adventurer 0 Explorer 0 Win Type - Total 0 Types 0/0/0/0/0/0/0/0/0/0 Lore% 15 Gallery% 26 Achievement% 20 Wizard Run 0 Options --------- Layout 1 ASCII 0 Keyboard 0 Movement Mouse Keybinds 0 Fullscreen 1 Font 16/SmallcapsGlow Map View 55x38 Zoom Use 0% Tactical HUD 0 Map Filters NONE Filters NONE Steam 1 RUN: 163d613b-acc0-43eb-b9b1-c09f4f628244